 Dungeon Crawl Stone Soup version 0.28.0 (webtiles) character file.

Game seed: 1670111092683498534

158 issech the Cudgeller (level 5, 0/53 HPs)
             Began as a Troll Monk on Feb 19, 2022.
             Killed by nerve-wracking pain
             ... invoked by an orc priest
              (14 damage)
             ... on level 3 of the Dungeon.
             The game lasted 00:05:56 (1950 turns).

issech the Cudgeller (Troll Monk)                   Turns: 1950, Time: 00:05:56

Health: 0/53       AC:  4    Str: 19    XL:     5   Next: 16%
Magic:  4/4        EV: 10    Int:  6    God:
Gold:   110        SH:  0    Dex: 14    Spells: 4/4 levels left

rFire   . . .      SeeInvis .   a - +0 mace
rCold   . . .      Faith    .   (no shield)
rNeg    . . .      Spirit   .   b - +0 robe
rPois   .          Reflect  .   (helmet restricted)
rElec   .          Harm     .   (no cloak)
rCorr   .          Rampage  .   (gloves unavailable)
Will    .....                   (boots unavailable)
Stlth   ++........              (no amulet)
HPRegen 0.97/turn               (no ring)
MPRegen 0.09/turn               (no ring)

@: no status effects
A: large, unfitting armour, claws 3, regeneration 1, shaggy fur 1, tough skin 1
a: no special abilities


You were on level 3 of the Dungeon.
You visited 1 branch of the dungeon, and saw 3 of its levels.

You collected 110 gold pieces.

Inventory:

Hand Weapons
 a - a +0 mace (weapon)
 n - a +0 flail
 q - a +0 dagger of venom
Missiles
 d - 90 stones (quivered)
 e - 19 arrows
 j - 4 large rocks
 o - 2 poisoned darts
 s - 6 silver javelins
Armour
 b - a +0 robe (worn)
Scrolls
 g - a scroll of identify {unknown}
 i - a scroll of magic mapping
 l - a scroll of blinking {unknown}
 p - a scroll of enchant armour {unknown}
 r - 4 scrolls of noise {unknown}
Potions
 c - 2 potions of ambrosia {unknown}
 f - a potion of berserk rage {unknown}
 h - a potion of brilliance {unknown}
 k - a potion of attraction {unknown}
 m - 2 potions of degeneration {unknown}


   Skills:
 + Level 3.1 Fighting
 + Level 4.2 Maces & Flails
 + Level 3.1 Dodging
 + Level 1.2 Stealth


You had 4 spell levels left.
You didn't know any spells.
Your spell library was empty.

Dungeon Overview and Level Annotations

Branches:
Dungeon (3/15)

Altars:


Innate Abilities, Weirdness & Mutations

You are too large for most types of armour.
You have claws for hands.
Your natural rate of healing is unusually fast.
You are covered in fur. (AC +1)
You have tough skin. (AC +1)


Message History

An orc priest comes into view. It is wielding a +0 morningstar.
The orc hits you with a +0 dagger.
You closely miss the orc. The orc hits you with a +0 dagger.
The orc priest shouts!
You hit the orc.
The orc is heavily wounded.
You barely miss the orc.
The orc is heavily wounded.
The orc closely misses you. The orc misses you.
You closely miss the orc.
The orc is heavily wounded.
A dart slug comes into view.
The orc hits you with a +4 hand axe.
You thump the orc!
You kill the orc!
The orc priest calls down the wrath of Beogh upon you.
Beogh smites you!
You sock the orc!
You kill the orc!
You closely miss the orc priest.
The orc priest invokes the aid of Beogh against you.
Beogh smites you!
You hit the orc priest.
The orc priest is lightly wounded.
The orc priest hits you with a +0 morningstar!
* * * LOW HITPOINT WARNING * * *
You barely miss the orc priest.
The orc priest is lightly wounded.
The orc priest miscasts a cantrip.
You hit the orc priest.
The orc priest is lightly wounded.
The orc priest hits you with a +0 morningstar.
* * * LOW HITPOINT WARNING * * *
The dart slug briefly extends its eye-stalks.
The orc priest begins to cast a cantrip, but forgets the words!
You closely miss the orc priest.
The orc priest is lightly wounded.
The orc priest invokes the aid of Beogh against you.
Pain shoots through your body!
You die...

## #.. ############### ....
#....)...<....# ##...##
#.###.###.###.# #.......##@#
#.# #.# #.#
#......<##o###.###.###.#
##.........w......<...#.#
...........#....###.....#
#..............###.###.####
...................###.....
#
#......................####
#.###.#.#.#...............##
....##.##........######.##


You could see an orc priest and a dart slug.

Vanquished Creatures
  A bullfrog skeleton (D:3)
  Terence (D:2)
  A gnoll (D:1)
  2 adders (D:3)
  2 worms (D:2)
  2 dart slugs
  2 orcs (D:3)
  2 ball pythons (D:1)
  3 endoplasms (D:2)
  6 giant cockroaches
  3 goblins
  5 hobgoblins
  8 jackals (D:1)
  7 kobolds
  3 quokkas
  6 bats
  5 frilled lizards
  A jackal zombie (D:2)
  5 rats
65 creatures vanquished.

Vanquished Creatures (others)
  4 withered plants (D:2)
4 creatures vanquished.

Grand Total: 69 creatures vanquished

Notes
Turn   | Place    | Note
-------+----------+-------------------------------------------
     0 | D:1      | issech the Troll Monk began the quest for the Orb.
     0 | D:1      | Reached XP level 1. HP: 22/22 MP: 0/0
   218 | D:1      | Reached XP level 2. HP: 29/29 MP: 1/1
   254 | D:1      | Reached skill level 3 in Maces & Flails
   359 | D:1      | Reached XP level 3. HP: 31/36 MP: 2/2
   652 | D:1      | Found a faded altar of an unknown god.
  1229 | D:2      | Reached XP level 4. HP: 44/44 MP: 3/3
  1438 | D:2      | Noticed Terence
  1522 | D:2      | Killed Terence
  1731 | D:3      | Reached skill level 4 in Maces & Flails
  1908 | D:3      | Reached XP level 5. HP: 50/53 MP: 4/4
  1950 | D:3      | Killed from afar by an orc priest

Illustrated notes

Levels and vault maps discovered:
D:1:      evilmike_arrival_plus, layout_loops_ring,
          dreamdust_ecumenical_altar_sealed_demon
D:2:      layout_loops_ring, serial_undead, serial_undead_e, serial_undead_e,
          serial_undead_e, serial_undead_e,
          hangedman_abyss_or_decor_lesser_grid, uniq_terence
D:3:      layout_loops_ring

Skill      XL: |  1  2  3  4 |
---------------+-------------+-----
Maces & Flails | 3 4 |  4.2
Fighting       | 3 |  3.1
Dodging        | 3 |  3.1
Stealth        | |  1.2

Action                   |  1- 3 |  4- 6 || total
-------------------------+-------+-------++-------
Melee: Mace              |   178 |    71 ||   249
       Punch             |     1 |       ||     1
  Use: Scroll            |       |     1 ||     1
 Stab: Sleeping          |     4 |       ||     4
Armor: Robe              |    94 |    19 ||   113
Dodge: Dodged            |   134 |    38 ||   172
